PL
WIZARDING EXPRESS @ OAKLAND OAKS
09/21/2027
 
TOP OF THE 1ST
Wizarding Express batting - Pitching for Oakland Oaks : LHP Jesús Franco
Pitching: LHP Jesús Franco
Batting: RHB António Martínez 0-0: Called Strike
0-1: Ball
1-1: Ball
2-1: Swinging Strike
2-2: Ball
3-2: Fly out, F8 (Flyball, 8RS)
Batting: RHB Rafael Arredondo 0-0: Ball
1-0: Called Strike
1-1: Foul Ball, location: 2F
1-2: Ball
2-2: Ball
3-2: Ground out 5-3 (Groundball, 56S)
Batting: SHB Salvador Trevino 0-0: Called Strike
0-1: Ball
1-1: Fly out, F2 (Popup, 3S)
Top of the 1st over - 0 run(s), 0 hit(s), 0 error(s), 0 left on base; Wizarding 0 - Oakland 0
BOTTOM OF THE 1ST
Oakland Oaks batting - Pitching for Wizarding Express : LHP Javier Roldán
Pitching: LHP Javier Roldán
Batting: RHB Micah Coffey 0-0: Fly out, F8 (Line Drive, 8RXD)
Batting: LHB Edwin Church 0-0: Ball
1-0: Called Strike
1-1: Ball
2-1: Ball
3-1: Foul Ball, location: 2F
3-2: Fly out, F7 (Flyball, 78S)
Batting: LHB Jorge Vargas 0-0: Ball
1-0: Ball
2-0: Foul Ball, location: 2F
2-1: Fly out, F4 (Line Drive, 34)
Bottom of the 1st over - 0 run(s), 0 hit(s), 0 error(s), 0 left on base; Wizarding 0 - Oakland 0
TOP OF THE 2ND
Wizarding Express batting - Pitching for Oakland Oaks : LHP Jesús Franco
Batting: LHB Nathan Tanner 0-0: Foul Ball, location: 2F
0-1: Ball
1-1: Swinging Strike
1-2: Ball
2-2: DOUBLE (Line Drive, 7LS)
Batting: RHB Chi-ju Zhang 0-0: Foul Ball, location: 2F
0-1: Ball
1-1: SINGLE (Flyball, 89S)
Nathan Tanner to third
Batting: LHB Júlio Valentín 0-0: Swinging Strike
0-1: Ball
1-1: SINGLE (Line Drive, 6MD)
Nathan Tanner scores
Chi-ju Zhang to second
Batting: SHB Emílio Gonzáles 0-0: Ball
1-0: Called Strike
1-1: Swinging Strike
1-2: Ball
2-2: Ball
3-2: Strikes out swinging
Batting: LHB José Corona 0-0: Ball
1-0: Ball
2-0: Swinging Strike
2-1: Grounds into double play, 4-6-3 (Groundball, 4)
Top of the 2nd over - 1 run(s), 3 hit(s), 0 error(s), 1 left on base; Wizarding 1 - Oakland 0
BOTTOM OF THE 2ND
Oakland Oaks batting - Pitching for Wizarding Express : LHP Javier Roldán
Batting: LHB Todd Henry 0-0: Called Strike
0-1: Ball
1-1: Foul Ball, location: 2F
1-2: Fly out, F7 (Flyball, 7)
Batting: SHB Luis Luquín 0-0: Swinging Strike
0-1: Swinging Strike
0-2: Foul Ball, location: 2F
0-2: Ball
1-2: Foul Ball, location: 2F
1-2: Ball
2-2: Strikes out swinging
Batting: RHB Manuel Rodríguez 0-0: Called Strike
0-1: SINGLE (Line Drive, 4MD)
Batting: LHB Bryce Reilly 0-0: Foul Ball, location: 2F
0-1: Foul Ball, location: 2F
0-2: Foul Ball, location: 2F
0-2: Strikes out looking
Bottom of the 2nd over - 0 run(s), 1 hit(s), 0 error(s), 1 left on base; Wizarding 1 - Oakland 0
TOP OF THE 3RD
Wizarding Express batting - Pitching for Oakland Oaks : LHP Jesús Franco
Batting: LHB António Boccanegra 0-0: Ball
1-0: Ball
2-0: Ball
3-0: Base on Balls
Batting: RHB António Martínez 0-0: Ball
1-0: Ball
2-0: Fly out, F8 (Flyball, 78XD)
Batting: RHB Rafael Arredondo 0-0: Called Strike
0-1: Fly out, F4 (Popup, 34)
Batting: SHB Salvador Trevino 0-0: SINGLE (Groundball, 4MD)
António Boccanegra to second
Runner from 2nd tries for 3rd, SAFE, throw made to third
Batting: LHB Nathan Tanner 0-0: Called Strike
0-1: Foul Ball, location: 2F
0-2: Ball
1-2: Foul Ball, location: 2F
1-2: Ball
2-2: SINGLE (Line Drive, 8LS)
António Boccanegra scores
Salvador Trevino to second
Batting: RHB Chi-ju Zhang 0-0: Called Strike
0-1: Ball
1-1: SINGLE (Groundball, 56D)
Salvador Trevino to third
Nathan Tanner to second
Runner from 3rd tries for Home, SAFE, throw made home
Nathan Tanner to third
Chi-ju Zhang to second
Batting: LHB Júlio Valentín 0-0: Called Strike
0-1: Swinging Strike
0-2: Ground out 1-3 (Groundball, 15S)
Top of the 3rd over - 2 run(s), 3 hit(s), 0 error(s), 2 left on base; Wizarding 3 - Oakland 0
BOTTOM OF THE 3RD
Oakland Oaks batting - Pitching for Wizarding Express : LHP Javier Roldán
Batting: LHB David Holbrook 0-0: Swinging Strike
0-1: Swinging Strike
0-2: Strikes out swinging
Batting: SHB Orlando Villa 0-0: Called Strike
0-1: Ball
1-1: Ball
2-1: Foul Ball, location: 2F
2-2: Foul Ball, location: 2F
2-2: Ball
3-2: Foul Ball, location: 2F
3-2: Foul Ball, location: 2F
3-2: Base on Balls
Batting: RHB Micah Coffey 0-0: Ball
Orlando Villa is caught stealing 2nd base
1-0: Called Strike
1-1: Foul Ball, location: 2F
1-2: Ground out 5-3 (Groundball, 56)
Bottom of the 3rd over - 0 run(s), 0 hit(s), 0 error(s), 0 left on base; Wizarding 3 - Oakland 0
TOP OF THE 4TH
Wizarding Express batting - Pitching for Oakland Oaks : LHP Jesús Franco
Batting: SHB Emílio Gonzáles 0-0: Ball
1-0: Ball
2-0: Ball
3-0: Base on Balls
Batting: LHB José Corona 0-0: Ball
1-0: Called Strike
1-1: Swinging Strike
1-2: Strikes out swinging
Batting: LHB António Boccanegra 0-0: Ball
1-0: Called Strike
1-1: Ball
2-1: Ball
3-1: Grounds into double play, 1-6-3 (Groundball, 13S)
Top of the 4th over - 0 run(s), 0 hit(s), 0 error(s), 0 left on base; Wizarding 3 - Oakland 0
BOTTOM OF THE 4TH
Oakland Oaks batting - Pitching for Wizarding Express : LHP Javier Roldán
Batting: LHB Edwin Church 0-0: Ball
1-0: Swinging Strike
1-1: Ball
2-1: Fly out, F4 (Popup, 4)
Batting: LHB Jorge Vargas 0-0: Foul Ball, location: 2F
0-1: Ball
1-1: Foul Ball, location: 2F
1-2: Strikes out looking
Batting: LHB Todd Henry 0-0: Called Strike
0-1: Swinging Strike
0-2: Strikes out swinging
Bottom of the 4th over - 0 run(s), 0 hit(s), 0 error(s), 0 left on base; Wizarding 3 - Oakland 0
TOP OF THE 5TH
Wizarding Express batting - Pitching for Oakland Oaks : LHP Jesús Franco
Batting: RHB António Martínez 0-0: Ball
1-0: Ground out 5-3 (Groundball, 56)
Batting: RHB Rafael Arredondo 0-0: Called Strike
0-1: Foul Ball, location: 2F
0-2: Ball
1-2: Strikes out swinging
Batting: SHB Salvador Trevino 0-0: Ball
1-0: Ground out 1-3 (Groundball, 13)
Top of the 5th over - 0 run(s), 0 hit(s), 0 error(s), 0 left on base; Wizarding 3 - Oakland 0
BOTTOM OF THE 5TH
Oakland Oaks batting - Pitching for Wizarding Express : LHP Javier Roldán
Batting: SHB Luis Luquín 0-0: Foul Ball, location: 2F
0-1: Ground out 5-3 (Groundball, 56)
Batting: RHB Manuel Rodríguez 0-0: Called Strike
0-1: Ball
1-1: Foul Ball, location: 2F
1-2: Foul Ball, location: 2F
1-2: SINGLE (Line Drive, 8RM)
Batting: LHB Bryce Reilly 0-0: Fly out, F9 (Flyball, 89M)
Batting: LHB David Holbrook 0-0: Called Strike
0-1: Ball
Manuel Rodríguez steals 2nd base
1-1: Foul Ball, location: 2F
1-2: Strikes out swinging
Bottom of the 5th over - 0 run(s), 1 hit(s), 0 error(s), 1 left on base; Wizarding 3 - Oakland 0
TOP OF THE 6TH
Wizarding Express batting - Pitching for Oakland Oaks : LHP Jesús Franco
Batting: LHB Nathan Tanner 0-0: Called Strike
0-1: Ball
1-1: Foul Ball, location: 2F
1-2: Foul Ball, location: 2F
1-2: Strikes out looking
Batting: RHB Chi-ju Zhang 0-0: Ball
1-0: Foul Ball, location: 2F
1-1: Called Strike
1-2: Strikes out looking
Batting: LHB Júlio Valentín 0-0: Ball
1-0: Swinging Strike
1-1: Foul Ball, location: 2F
1-2: Ball
2-2: Strikes out swinging
Top of the 6th over - 0 run(s), 0 hit(s), 0 error(s), 0 left on base; Wizarding 3 - Oakland 0
BOTTOM OF THE 6TH
Oakland Oaks batting - Pitching for Wizarding Express : LHP Javier Roldán
Batting: SHB Orlando Villa 0-0: Called Strike
0-1: Ball
1-1: Ground out 4-3 (Groundball, 4)
Batting: RHB Micah Coffey 0-0: Ball
1-0: Ball
2-0: TRIPLE (Flyball, 89D)
Batting: LHB Edwin Church 0-0: Ball
1-0: Foul Ball, location: 2F
1-1: Ball
2-1: Ball
3-1: Called Strike
3-2: Base on Balls
Batting: LHB Jorge Vargas 0-0: Called Strike
0-1: Ball
1-1: Ball
2-1: Called Strike
2-2: Ball
Passed Ball!
Micah Coffey scores
Edwin Church to second
3-2: 2-RUN HOME RUN (Flyball, 9LD), Distance : 360 ft
Batting: LHB Todd Henry 0-0: Called Strike
0-1: Ground out 4-3 (Groundball, 4)
Batting: SHB Luis Luquín 0-0: Ball
1-0: Reached via error on a dropped throw, E1
Batting: RHB Manuel Rodríguez 0-0: Ball
1-0: Called Strike
Luis Luquín is caught stealing 2nd base
Bottom of the 6th over - 3 run(s), 2 hit(s), 1 error(s), 0 left on base; Wizarding 3 - Oakland 3
TOP OF THE 7TH
Wizarding Express batting - Pitching for Oakland Oaks : LHP Jesús Franco
Batting: SHB Emílio Gonzáles 0-0: SINGLE (Groundball, 6MD)
Batting: LHB José Corona 0-0: Bunt missed!
0-1: Called Strike
0-2: Foul Ball, location: 2F
0-2: Foul Ball, location: 2F
0-2: Ball
1-2: Ball
2-2: Strikes out swinging
Pitching: RHP Júlio Saldaña
Batting: LHB António Boccanegra 0-0: Called Strike
0-1: Ball
Balk!
Emílio Gonzáles to second
1-1: Swinging Strike
1-2: Ball
2-2: Strikes out looking
Batting: RHB António Martínez 0-0: Ball
1-0: Ball
2-0: Foul Ball, location: 2F
2-1: Called Strike
2-2: Ball
3-2: Base on Balls
Batting: RHB Rafael Arredondo 0-0: Ball
1-0: Fly out, F7 (Flyball, 7S)
Top of the 7th over - 0 run(s), 1 hit(s), 0 error(s), 2 left on base; Wizarding 3 - Oakland 3
BOTTOM OF THE 7TH
Oakland Oaks batting - Pitching for Wizarding Express : LHP Javier Roldán
Batting: RHB Manuel Rodríguez 0-0: Called Strike
0-1: Ball
1-1: Fly out, F9 (Flyball, 9S)
Batting: LHB Bryce Reilly 0-0: Called Strike
0-1: Swinging Strike
0-2: Strikes out swinging
Batting: LHB David Holbrook 0-0: Ball
1-0: Ball
2-0: Called Strike
2-1: Swinging Strike
2-2: Ball
3-2: Base on Balls
Pitching: LHP Dorian Daly
Batting: SHB Orlando Villa 0-0: Fielders Choice at 2nd, 6-4 (Groundball, 56)
Bottom of the 7th over - 0 run(s), 0 hit(s), 0 error(s), 0 left on base; Wizarding 3 - Oakland 3
TOP OF THE 8TH
Wizarding Express batting - Pitching for Oakland Oaks : RHP Júlio Saldaña
Batting: SHB Salvador Trevino 0-0: Ball
1-0: Called Strike
1-1: Called Strike
1-2: Strikes out swinging
Batting: LHB Nathan Tanner 0-0: SOLO HOME RUN (Line Drive, 89XD), Distance : 417 ft
Batting: RHB Chi-ju Zhang 0-0: Ball
1-0: Ball
2-0: Fly out, F5 (Line Drive, 56S)
Batting: LHB Júlio Valentín 0-0: Ball
1-0: Called Strike
1-1: Ball
2-1: Ball
3-1: Called Strike
3-2: Strikes out swinging
Top of the 8th over - 1 run(s), 1 hit(s), 0 error(s), 0 left on base; Wizarding 4 - Oakland 3
BOTTOM OF THE 8TH
Oakland Oaks batting - Pitching for Wizarding Express : LHP Dorian Daly
Pitching: RHP Enrico Reséndez
Batting: RHB Micah Coffey 0-0: Ball
1-0: Ball
2-0: SINGLE (Groundball, 56D)
Pitching: LHP Eijiro Takahashi
Batting: LHB Edwin Church 0-0: Ball
1-0: Foul Ball, location: 2F
1-1: Called Strike
1-2: Strikes out swinging
Batting: LHB Jorge Vargas 0-0: Ball
1-0: Foul Ball, location: 2F
1-1: Ball
2-1: Grounds into double play, 4-6-3 (Groundball, 4M)
Bottom of the 8th over - 0 run(s), 1 hit(s), 0 error(s), 0 left on base; Wizarding 4 - Oakland 3
TOP OF THE 9TH
Wizarding Express batting - Pitching for Oakland Oaks : RHP Júlio Saldaña
Pitching: LHP Finn Wuilink
Batting: SHB Emílio Gonzáles 0-0: Ball
1-0: Called Strike
1-1: Called Strike
1-2: Ball
2-2: Strikes out looking
Batting: LHB José Corona 0-0: Ball
1-0: Ball
2-0: Ball
3-0: Base on Balls
Pinch Hitting: LHB John Brewer 0-0: Ball
1-0: Swinging Strike
1-1: Ball
2-1: Called Strike
2-2: Strikes out looking
Batting: RHB António Martínez 0-0: Ball
José Corona steals 2nd base
1-0: Ball
2-0: Ball
3-0: Base on Balls
Batting: RHB Rafael Arredondo 0-0: Ball
António Martínez is caught stealing 2nd base
Top of the 9th over - 0 run(s), 0 hit(s), 0 error(s), 0 left on base; Wizarding 4 - Oakland 3
BOTTOM OF THE 9TH
Oakland Oaks batting - Pitching for Wizarding Express : LHP Eijiro Takahashi
Pitching: RHP Juan Cantú
Now at C: Félix Cruz
Batting: LHB Todd Henry 0-0: Ball
1-0: Called Strike
1-1: Ball
2-1: Ball
3-1: Called Strike
3-2: SINGLE (Flyball, 7S)
Batting: SHB Luis Luquín 0-0: Fly out, F4 (Popup, 4MD)
Pinch Hitting: RHB Joe Phillips 0-0: Foul Ball, location: 2F
0-1: Ball
1-1: Ball
2-1: Ball
3-1: Called Strike
3-2: Strikes out swinging
Batting: LHB Bryce Reilly 0-0: Called Strike
0-1: Ball
1-1: Ball
2-1: Foul Ball, location: 2F
2-2: Ball
3-2: Base on Balls
Todd Henry to second
Pinch Runner at 2nd Vicente Rodríguez:
Batting: LHB David Holbrook 0-0: Ball
1-0: Ball
2-0: Called Strike
2-1: Foul Ball, location: 2F
2-2: Fielders Choice at 2nd, 4-6 (Groundball, 4)
Bottom of the 9th over - 0 run(s), 1 hit(s), 0 error(s), 1 left on base; Wizarding 4 - Oakland 3
Saturday, May 26th, 2018 - OOTP Baseball 17.12 Build 75